 Dungeon Crawl Stone Soup version 0.30.0-19-g36f170ea60 (webtiles) character file.

Game seed: 3486174012287625635

1978 Graphine the Nimble (level 9, -12/72 HPs)
             Began as a Merfolk Monk on May 29, 2023.
             Was an Initiate of Ashenzari.
             Shot with an arrow by a centaur (13 damage)
             ... on level 6 of the Dungeon.
             The game lasted 00:18:08 (5163 turns).

Graphine the Nimble (Merfolk Monk)                  Turns: 5163, Time: 00:18:08

Health: -12/72     AC:  6    Str: 12    XL:     9   Next: 20%
Magic:  12/12      EV: 21    Int:  9    God:    Ashenzari [......]
Gold:   413        SH:  0    Dex: 20    Spells: 10/12 levels left

rFire   . . .        e - +1 long sword
rCold   . . .        d - orb {light}
rNeg    . . .        j - +0 ring mail
rPois   .            l - +0 helmet
rElec   .            (no cloak)
rCorr   .            (no gloves)
SInv    .            (no boots)
Will    .....        (no amulet)
Stlth   +            b - ring of wizardry
HPRegen 0.32/turn    v - +5 ring of evasion
MPRegen 0.13/turn

%: wizardry (x1)
@: glowing
A: (nimble swimmer 2), mertail
a: Renounce Religion, Curse Item


You were on level 6 of the Dungeon.
You worshipped Ashenzari.
Ashenzari was noncommittal.
You visited 1 branch of the dungeon, and saw 6 of its levels.

You collected 413 gold pieces.

Inventory:

Hand Weapons
 a - a +0 falchion
 e - a +1 long sword (weapon)
 f - a +1 mace of holy wrath
Missiles
 m - a throwing net
 r - 2 javelins (quivered)
Armour
 d - an orb of light (worn)
 j - a +0 ring mail (worn)
 l - a +0 helmet (worn)
 t - a +0 robe of cold resistance
 u - a +0 robe of willpower
Jewellery
 b - a ring of wizardry (left hand)
 k - a ring of fire
 v - a +5 ring of evasion (right hand)
Wands
 s - a wand of polymorph (6)
Scrolls
 i - a scroll of fear
 o - a scroll of butterflies
Potions
 c - a potion of lignification
 g - a potion of invisibility
 h - 2 potions of brilliance
 n - a potion of mutation {unknown}
 p - a potion of attraction
 q - a potion of curing {unknown}


   Skills:
 * Level 7.4 Fighting
 * Level 8.3 Long Blades
 + Level 3.0 Throwing
 * Level 9.0 Dodging
 - Level 2.0 Spellcasting
 - Level 2.0 Translocations


You had 10 spell levels left.
You knew the following spells:

 Your Spells              Type           Power      Damage    Failure   Level
a - Blink                 Tloc           8%         N/A       21%         2

Your spell library contained the following spells:

 Spells                   Type           Power      Damage    Failure   Level
 Apportation              Tloc           8%         N/A       13%         1
 Cigotuvi's Dreadful Rot  Necr/Pois/Air  0%         N/A       41%         2
 Poisonous Vapours        Pois/Air       0%         N/A       41%         2
 Ignite Poison            Fire/Tmut/Pois 0%         N/A       63%         3
 Mephitic Cloud           Conj/Pois/Air  0%         N/A       63%         3
 Manifold Assault         Tloc           4%         N/A       75%         4
 Airstrike                Air            0%         2d(0-16)  95%         4
 Freezing Cloud           Conj/Ice/Air   0%         6-21      100%        5
 Conjure Ball Lightning   Conj/Air       0%         3x3d6     100%        6
 Dispersal                Tloc           2%         N/A       100%        6
 Eringya's Noxious Bog    Tmut/Pois      0%         N/A       100%        6
 Enfeeble                 Hex            0%         N/A       100%        7
 Storm Form               Tmut/Air       0%         N/A       100%        7


Dungeon Overview and Level Annotations

Branches:
Dungeon (6/15)             Temple (0/1) D:6

Altars:
Ashenzari
Fedhas
Nemelex Xobeh
Qazlal
Sif Muna


Innate Abilities, Weirdness & Mutations

((You are very nimble when in or above water. (Stealth+, EV+, Speed+++)))
Your lower body shifts to a powerful aquatic tail in water.


Message History

The gnoll sergeant is heavily wounded.
The gnoll shouts!
The gnoll closely misses you. The gnoll completely misses you.
The gnoll sergeant hits you with a +0 spear!
The gnoll hits you with a +0 spear.
You hit the gnoll sergeant but do no damage.
The gnoll sergeant is moderately wounded.
The gnoll misses you. x2; The gnoll hits you but does no damage.
The gnoll sergeant barely misses you.
You hit the gnoll sergeant.
The gnoll sergeant is heavily wounded.
The gnoll closely misses you. The gnoll hits you but does no damage.
The gnoll hits you with a +0 whip.
The gnoll sergeant hits you with a +0 spear.
A centaur comes into view.
The gnoll sergeant blocks your attack.
The gnoll sergeant is heavily wounded.
The gnoll misses you. The gnoll hits you with a +0 spear! The gnoll misses you.
The gnoll sergeant completely misses you.
You hit the gnoll sergeant.
The gnoll sergeant is heavily wounded.
The gnoll barely misses you. The gnoll misses you. The gnoll barely misses you.
A gnoll comes into view. It is wielding a +0 spear.
The gnoll sergeant hits you with a +0 spear!
As you read the scroll of fear, it crumbles to dust.
You assume a fearsome visage.
The gnoll sergeant looks frightened!
The gnoll looks frightened! x5
The centaur wields a +0 shortbow.
The centaur shoots an arrow.
The arrow closely misses you.
The centaur shoots an arrow.
The arrow hits you!
* * * LOW HITPOINT WARNING * * *
Cornered, the gnoll sergeant turns to fight!
The centaur shoots an arrow.
The arrow hits you!
* * * LOW HITPOINT WARNING * * *
Okay, then.
The centaur shoots an arrow.
The arrow barely misses you.
The centaur shoots an arrow.
The arrow hits you!
* * * LOW HITPOINT WARNING * * *
The centaur shoots an arrow.
The arrow hits you!
You die...

.....## ##.## ..$ .....#
#..g# #..##.#..# #...#
.##..#..#..# #..g#
...........#####...####.
........#..#.c.g........
.......................#
...........#............
.#...@...#####...#####
#.##†#### #)..# # #.#
#...# #....).# #...#
#.#.#### ##.## .. .#


P.P .. .> .# P .. You could see a centaur.

Vanquished Creatures
  Pikel (D:5)
  Sigmund (D:6)
  Menkaure (D:5)
  A water moccasin (D:6)
  An ice beast (D:5)
  An ogre (D:5)
  A centaur (D:4)
  A lemure (D:5)
  3 phantoms
  A scorpion (D:4)
  2 hounds
  An orc priest (D:3)
  A jelly (D:5)
  2 sleepcaps (D:5)
  3 iguanas (D:5)
  6 orc wizards
  Robin (D:4)
  A gnoll (D:4)
  11 adders
  2 ufetubi
  A worm (D:2)
  3 dart slugs
  12 orcs
  8 ball pythons
  11 bats
  13 endoplasms
  2 giant cockroaches
  15 goblins
  7 hobgoblins
  4 jackals (D:1)
  6 kobolds
  8 quokkas
  7 frilled lizards
  7 rats
146 creatures vanquished.

Notes
Turn   | Place    | Note
-------+----------+-------------------------------------------
     0 | D:1      | Graphine the Merfolk Monk began the quest for the Orb.
     0 | D:1      | Reached XP level 1. HP: 18/18 MP: 1/1
   109 | D:1      | Reached XP level 2. HP: 11/24 MP: 2/2
   335 | D:1      | Reached XP level 3. HP: 30/30 MP: 3/3
   982 | D:2      | Reached XP level 4. HP: 34/37 MP: 4/4
  1019 | D:2      | Reached skill level 5 in Dodging
  1097 | D:2      | Got the Encyclopedia of the Enthralling Lungs
  1413 | D:3      | Found a blossoming altar of Fedhas.
  1415 | D:3      | Found a stormy altar of Qazlal.
  1463 | D:3      | Got the Discourse on the Wayfarer and Venin
  1560 | D:3      | Learned a level 2 spell: Blink
  1618 | D:3      | Reached XP level 5. HP: 39/43 MP: 5/5
  2332 | D:3      | Reached skill level 5 in Long Blades
  2336 | D:3      | HP: 2/43 [orc/+0 dagger (1)]
  2341 | D:3      | Reached skill level 1 in Spellcasting
  2624 | D:4      | Reached skill level 1 in Translocations
  2624 | D:4      | Reached XP level 6. HP: 43/49 MP: 4/7
  2729 | D:4      | Reached skill level 6 in Dodging
  2821 | D:4      | Noticed Robin
  2839 | D:4      | Killed Robin
  2850 | D:4      | Reached skill level 5 in Fighting
  2879 | D:4      | Reached XP level 7. HP: 21/56 MP: 9/9
  3172 | D:4      | Found a broken altar of Ashenzari.
  3245 | D:4      | Became a worshipper of Ashenzari the Shackled
  3496 | D:5      | Entered Level 5 of the Dungeon
  3538 | D:5      | Found a shimmering blue altar of Sif Muna.
  3788 | D:5      | Noticed Menkaure
  3795 | D:5      | Killed Menkaure
  3796 | D:5      | Reached skill level 1 in Throwing
  3796 | D:5      | Reached skill level 7 in Dodging
  3796 | D:5      | Reached XP level 8. HP: 29/64 MP: 11/11
  4048 | D:5      | Noticed Pikel
  4064 | D:5      | Killed Pikel
  4065 | D:5      | Reached skill level 8 in Dodging
  4690 | D:5      | Found a sparkling altar of Nemelex Xobeh.
  4729 | D:5      | Reached XP level 9. HP: 71/72 MP: 12/12
  5073 | D:6      | Found a staircase to the Ecumenical Temple.
  5114 | D:6      | Noticed Sigmund
  5121 | D:6      | Killed Sigmund
  5122 | D:6      | Reached skill level 9 in Dodging
  5161 | D:6      | HP: 1/72 [centaur/arrow (11)]
  5163 | D:6      | Shot with an arrow by a centaur

Illustrated notes

Levels and vault maps discovered:
D:1:      minmay_arrival_shattered_statue, layout_basic
D:2:      layout_basic
D:3:      layout_basic, grunt_temple_overflow_forces_of_nature,
          grunt_ministairs_13, minmay_misc_feat_five
D:4:      kennysheep_spiral_hall, layout_rooms, amcnicky_altar_gilded,
          uniq_robin
D:5:      layout_basic, lemuel_doored_altar, nemelex_dance_club_becter,
          interstate_on_off, minmay_gold_behind_fungi,
          chequers_serial_rivers_large_b, uniq_menkaure, uniq_pikel
D:6:      layout_loops_cross, minmay_temple_entry_trees, portal_sewer_entry_e,
          minivault_23, uniq_grinder, uniq_sigmund

Skill      XL: |  1  2  3  4  5  6  7  8  9 |
---------------+----------------------------+-----
Long Blades    | 4 5 6 7 8 |  8.3
Fighting       | 4 5 7 |  7.4
Dodging        | 5 6 7 8 9 |  9.0
Spellcasting   | 1 2 |  2.0
Translocations | 1 2 |  2.0
Throwing       | 1 2 3 |  3.0

Action                     |  1- 3 |  4- 6 |  7- 9 || total
---------------------------+-------+-------+-------++-------
  Melee: Falchion          |    96 |    39 |       ||   135
         Long sword        |       |   135 |   189 ||   324
  Throw: Stone             |    43 |     4 |       ||    47
         Javelin           |       |     3 |    33 ||    36
         Throwing net      |       |     1 |     2 ||     3
   Cast: Blink             |       |     1 |       ||     1
    Use: Scroll            |     5 |     4 |     5 ||    14
         Potion            |       |     1 |     1 ||     2
   Stab: Held in net/web   |       |     1 |       ||     1
 Armour: Robe              |    14 |       |       ||    14
         Ring mail         |     8 |    69 |    50 ||   127
  Dodge: Dodged            |    96 |   140 |   184 ||   420
